 Dungeon Crawl Stone Soup version 0.26-a0-639-g72c4674329 (webtiles) character file.

Game seed: 10125004214748294854

356 DogServant the Conjurer (level 6, -2/32 HPs)
             Began as a Gargoyle Conjurer on Sept 16, 2020.
             Killed from afar by a white imp (8 damage)
             ... with a puff of frost
             ... summoned by Eustachio
             ... on level 6 of the Dungeon.
             The game lasted 00:06:38 (3614 turns).

DogServant the Conjurer (Gargoyle Conjurer)         Turns: 3614, Time: 00:06:39

Health: -2/32      AC:  6    Str: 16      XL:     6   Next: 63%
Magic:  1/12       EV: 12    Int: 21      God:
Gold:   228        SH:  0    Dex:  7 (8)  Spells: 10/13 levels left

rFire    . . .     SeeInvis .   t - +0 great mace (drain)
rCold    . . .     Faith    .   (shield currently unavailable)
rNeg     + + .     Spirit   .   a - +0 robe
rPois    ∞         Reflect  .   (no helmet)
rElec    +         Harm     .   (no cloak)
rCorr    .         Rampage  .   (no gloves)
MR       .....                  (no boots)
Stlth    ++........             (no amulet)
HPRegen  0.10/turn              k - ring of positive energy
MPRegen  0.13/turn              m - +6 ring of strength

@: no status effects
A: negative energy resistance 1, electricity resistance, unbreathing,
petrification resistance, rot immunity, AC +4
a: no special abilities


You were on level 6 of the Dungeon.
You visited 1 branch of the dungeon, and saw 5 of its levels.

You collected 228 gold pieces.

Inventory:

Hand Weapons
 d - a +0 whip
 t - a +0 great mace of draining (weapon)
Armour
 a - a +0 robe (worn)
 q - a +0 kite shield
Jewellery
 k - a ring of positive energy (left hand)
 m - a +6 ring of strength (right hand)
Wands
 r - a wand of random effects (13)
 u - a wand of polymorph (10)
Scrolls
 b - 5 scrolls of identify {unknown}
 e - 3 scrolls of remove curse {unknown}
 h - a scroll of fog {unknown}
 j - 4 scrolls of enchant armour {unknown}
 o - a scroll of fear {unknown}
 p - a scroll of magic mapping {unknown}
 w - a scroll of amnesia {unknown}
Potions
 c - a potion of degeneration {unknown}
 f - a potion of stabbing {unknown}
 g - a potion of ambrosia {unknown}
 i - 2 potions of berserk rage {unknown}
 l - a potion of curing
 n - a potion of lignification {unknown}
 s - a potion of haste {unknown}
 v - a potion of flight {unknown}


   Skills:
 - Level 0.1 Maces & Flails
 - Level 1.8 Dodging
 - Level 2.3 Stealth
 - Level 0.2 Unarmed Combat
 + Level 4.2 Spellcasting
 + Level 6.8 Conjurations


You had 10 spell levels left.
You knew the following spells:

 Your Spells              Type           Power        Failure   Level
a - Magic Dart            Conj           ####         1%          1
b - Searing Ray           Conj           ####..       1%          2

Your spell library contained the following spells:

 Spells                   Type           Power        Failure   Level
 Foxfire                  Conj/Fire      ###.         2%          1
 Conjure Flame            Conj/Fire      ###.....     9%          3
 Dazzling Flash           Conj/Hex       ###...       9%          3
 Mephitic Cloud           Conj/Pois/Air  ##......     14%         3
 Blink                    Tloc           N/A          19%         2
 Call Imp                 Summ           #.......     19%         2
 Slow                     Hex            #.......     19%         2
 Fulminant Prism          Conj/Hex       ###.......   28%         4
 Iskenderun's Mystic Bla  Conj/Tloc      ###.....     28%         4
 Sticky Flame             Conj/Fire      ###.....     28%         4
 Inner Flame              Hex/Fire       #.......     34%         3
 Fireball                 Conj/Fire      ###.......   61%         5


Dungeon Overview and Level Annotations

Branches:
Dungeon (6/15)
 Temple: D:4-7

Altars:
Yredelemnul

Annotations:
D:6 Eustachio


Innate Abilities, Weirdness & Mutations

You are resistant to torment.
Your stone body is resilient. (AC +4)
You are immune to poison.
You resist negative energy. (rN+)
You are resistant to electric shocks. (rElec)
You can survive without breathing.
You are immune to petrification.
You are immune to rotting.


Message History

Okay, then.
Okay, then.
Okay, then.
You closely miss Eustachio.
Eustachio is almost dead.
The bat closely misses you. The bat hits you but does no damage.
Eustachio hits you with a +2 rapier of holy wrath. x2
* * * LOW HITPOINT WARNING * * *
You feel better. The bat misses you. The white imp gestures at you.
The puff of frost hits you!
* * * LOW HITPOINT WARNING * * *
Eustachio hits you with a +2 rapier of holy wrath.
* * * LOW HITPOINT WARNING * * *
You closely miss Eustachio.
Eustachio is almost dead.
The bat barely misses you. x2
The white imp gestures at you. The puff of frost hits you!
You die...

#########
##.#.#@#.###
#..r5.b@...#
##.##+##.#.#
#..#...#...#
##.'...+.#.#
#..#...#...#
##.##+##.#.#
).........##
.#.#.#.#.#..#
####


You could see Eustachio, a white imp (summoned), a bat (summoned) and a rat
(summoned).

Vanquished Creatures
  Blork the orc (D:6)
  A bullfrog (D:6)
  A water moccasin skeleton (D:6)
  An iguana (D:5)
  2 worker ants
  2 adders
  3 shadow imps (D:5)
  A white imp (D:6)
  An adder skeleton (D:5)
  A worm (D:2)
  3 leopard geckos
  6 orcs
  2 ball pythons
  A giant cockroach (D:2)
  6 goblins
  2 hobgoblins (D:2)
  7 kobolds
  3 bats
  2 frilled lizards (D:2)
  2 gnoll zombies (D:5)
  A leopard gecko skeleton (D:5)
  5 rats
54 creatures vanquished.

Notes
Turn   | Place    | Note
-------+----------+-------------------------------------------
     0 | D:1      | DogServant the Gargoyle Conjurer began the quest for the
                  | Orb.
     0 | D:1      | Reached XP level 1. HP: 10/10 MP: 3/3
   102 | D:1      | Reached XP level 2. HP: 15/15 MP: 0/5
   165 | D:1      | You fall into a shaft and drop 1 floor!
   633 | D:2      | Reached skill level 5 in Conjurations
   637 | D:2      | Learned a level 2 spell: Searing Ray
   905 | D:2      | Reached XP level 3. HP: 19/19 MP: 3/6
  1364 | D:3      | You fall into a shaft and drop 3 floors!
  1465 | D:5      | Entered Level 5 of the Dungeon
  1550 | D:5      | Reached XP level 4. HP: 16/24 MP: 0/8
  1784 | D:5      | Reached XP level 5. HP: 28/28 MP: 4/9
  2387 | D:5      | Found a basalt altar of Yredelemnul.
  2654 | D:5      | Reached skill level 6 in Conjurations
  3275 | D:6      | Reached XP level 6. HP: 30/32 MP: 4/11
  3586 | D:6      | Noticed Eustachio
  3588 | D:6      | Noticed Blork the orc
  3591 | D:6      | Killed Blork the orc
  3614 | D:6      | Killed from afar by a white imp

Illustrated notes

Levels and vault maps discovered:
D:1:      minmay_arrival_plants_in_alcoves, layout_rooms
D:2:      layout_loops_ring, minmay_strange_pillars,
          chequers_serial_rivers_room_b
D:3:      layout_loops_ring, gammafunk_temple_overflow_claw, st_stairs_6
D:5:      layout_basic, lemuel_zombie_altar_yredelemnul
D:6:      layout_loops_ring, minmay_misc_feat_doors, uniq_eustachio,
          uniq_blork_the_orc

Skill      XL: |  1  2  3  4  5  6 |
---------------+-------------------+-----
Conjurations   | 5 6 |  6.8
Spellcasting   | 3 4 |  4.2
Maces & Flails | |  0.1
Dodging        | |  1.8
Stealth        | |  2.3
Unarmed Combat | |  0.2

Action                   |  1- 3 |  4- 6 || total
-------------------------+-------+-------++-------
Melee: Unarmed           |     6 |       ||     6
       Whip              |    20 |     6 ||    26
       Great mace        |       |     6 ||     6
 Cast: Magic Dart        |    42 |    26 ||    68
       Searing Ray       |     5 |    19 ||    24
  Use: Potion            |       |     1 ||     1
Armor: Robe              |    16 |    19 ||    35
Dodge: Dodged            |    23 |    28 ||    51

Table legend: (Time is in decaauts)
 A = Elapsed time spent in this place.
 B = Non-inter-level travel time spent in this place.
 C = Inter-level travel time spent in this place.
 D = Time resting spent in this place.
 E = Time spent auto-exploring this place.
 F = Levels seen in this place.
 G = Mean time per level.
                   A        B        C        D        E       F      G
               +--------+--------+--------+--------+--------+-----+--------+
         Total |   3618 |   3516 |    102 |   1045 |   2081 |   5 |  723.6 |
       Dungeon |   3618 |   3516 |    102 |   1045 |   2081 |   5 |  723.6 |
               +--------+--------+--------+--------+--------+-----+--------+

Top non-repeatable levels by time:
     D:5: 1511 daAuts
     D:2: 1150 daAuts
     D:6: 742 daAuts
     D:1: 164 daAuts
     D:3: 49 daAuts
